 Dungeon Sprint DCSS version 0.20.0-15-g7f486f2 (webtiles) character file.

4886 Azzok the Unseen (level 10, -1/38 HPs)
             Began as a Spriggan Enchanter on June 13, 2017.
             Was an Elder of Dithmenos.
             Slain by an ufetubus (3 damage)
             ... summoned by a kobold demonologist
             ... while paralysed by a floating eye
             ... in the Dungeon (Sprint I: "Red Sonja").
             The game lasted 00:04:38 (838 turns).

Azzok the Unseen (Spriggan Enchanter)                Turns: 838, Time: 00:04:38

Health: -1/38      AC:  1    Str:  3      XL:     10   Next: 26%
Magic:  8/18       EV:  4    Int: 11 (12) God:    Dithmenos [****..]
Gold:   171        SH:  0    Dex: 14      Spells: 24/30 levels left

rFire    . . .     SeeInvis +   a - +1 dagger
rCold    . . .     Gourm    .   (shield restricted)
rNeg     . . .     Faith    .   b - +0 robe
rPois    +         Spirit   .   (helmet restricted)
rElec    .         Reflect  .   (no cloak)
rCorr    .         Harm     .   (gloves unavailable)
MR       +....     Rnd*Rage +   (boots unavailable) Stlth ++++++++++NoTele +
                                (no amulet)
Regen    0.2/turn               i - ring of stealth
MPRegen  0.2/turn               m - ring of stealth

@: paralysed, wreathed by umbra, very quick
A: unfitting armour, see invisible, berserk 1, clumsy 2, deformed body,
deterioration 2, dopey 2, herbivore 3, speed 3, frail 3, low mp 3, poison
resistance, screaming 3, slow metabolism 2, weak 2, no potion heal 2, subdued
magic 2, MP-powered wands
a: Shadow Step, Renounce Religion


You were in the Dungeon.
You worshipped Dithmenos.
Dithmenos was greatly pleased with you.
You were not hungry.

You visited 1 branch You collected 521 gold pieces.
You spent 350 gold pieces at shops.

Inventory:

Hand Weapons
 a - a +1 dagger (weapon)
 k - a -1 blowgun
Missiles
 l - 5 curare-tipped needles
Armour
 b - a +0 robe (worn)
Jewellery
 i - a ring of stealth (left hand)
 m - a ring of stealth (right hand)
Scrolls
 j - a scroll of blinking
Potions
 e - a potion of curing
 f - a potion of heal wounds
 h - 3 potions of magic
Books
 c - a book of Maledictions

   Spells                             Type                      Level
   a - Corona                         Hexes                        1
   b - Ensorcelled Hibernation        Hexes/Ice                    2
   c - Confuse                        Hexes                        3
   d - Tukima's Dance                 Hexes                        3
   e - Dazzling Spray                 Conjuration/Hexes            3
Comestibles
 d - a bread ration


   Skills:
 + Level 7.4 Fighting
 + Level 13.1 Short Blades
 + Level 12.4 Dodging
 + Level 17.9 Stealth
 - Level 10.8 Spellcasting
 - Level 11.1 Hexes


You had 24 spell levels left.
You knew the following spells:

 Your Spells              Type           Power        Failure   Level  Hunger
a - Corona                Hex            ###....      1%          1    None
b - Ensorcelled Hibernat  Hex/Ice        ##....       1%          2    None
c - Confuse               Hex            ###.....     1%          3    ##.....


Dungeon Overview and Level Annotations

Branches:
Dungeon (1/1)

Altars:
Cheibriados
Dithmenos
Elyvilon
Fedhas
Gozag
Hepliaklqana
Kikubaaqudgha
Makhleb
Nemelex Xobeh
Okawaru
Qazlal
Ru
Sif Muna
Trog
Uskayaw
Vehumet
Xom
Yredelemnul
Zin
The Shining One
Jiyva
Lugonu

Shops:
D [=


Innate Abilities, Weirdness & Mutations

You are very small and have problems with some larger weapons.
You are too small for most types of armour.
You have supernaturally acute eyesight. (SInv)
You are a herbivore.
You cover ground extremely quickly.
You need consume almost no food.
You tend to lose your temper in combat.
You are very clumsy. (Dex -4)
Armour fits poorly on your strangely shaped body.
Your body often deteriorates upon taking damage.
You are very dopey. (Int -4)
You are extremely frail. (-30% HP)
Your magical capacity is extremely low. (-30% MP)
Your system is resistant to poisons. (rPois)
You frequently scream uncontrollably at your foes.
You are very weak. (Str -4)
Potions are poor at restoring your health.
Your spells are easier to cast, but less powerful.
You expend magic power (3 MP) to strengthen your wands.


Message History

The ufetubus misses you.
You hit the ufetubus but do no damage. The ufetubus completely misses you.
The ufetubus barely misses you.
You hit the ufetubus but do no damage. The ufetubus completely misses you. x2
You closely miss the ufetubus. The ufetubus completely misses you. x2
The floating eye gazes piercingly through you!
You suddenly lose the ability to move!
The ufetubus hits you. x2; The ufetubus barely misses you.
The ufetubus hits you.
* * * LOW HITPOINT WARNING * * *
The floating eye's stare focuses on you.
The ufetubus hits you.
* * * LOW HITPOINT WARNING * * *
The ufetubus hits you.
* * * LOW HITPOINT WARNING * * *
Your body deteriorates!
You feel dopey. The ufetubus hits you.
* * * LOW HITPOINT WARNING * * *
The ufetubus hits you.
You die...

▒▒▒▒▒▒▒▒▒▒▒▒▒▒▒▒▒▒▒▒▒▒▒▒▒▒
▒<·▒··'··▒··G··▒__▒·)55··▒
▒··'[·▒·)'@5▒··'··K··▒§··▒
▒··▒▒▒▒▒'▒▒▒▒▒'▒§_▒▒▒▒4··╬
▒··▒▒▒▒··▒···▒·▒▒▒▒ ▒▒▒▒
▒··▒__▒▒▒▒··▒▒[▒
▒··▒_____▒▒'▒··╬
▒⌠⌠▒_·∩···'···_▒
▒▒▒▒_··__▒▒_·▒╬▒
▒_____▒▒▒'▒
▒▒▒▒▒▒▒▒▒▒▒▒·▒▒


You could see a floating eye and an ufetubus.

Vanquished Creatures
  Sonja (D)
  8 shining eyes (D)
  A kobold demonologist (D)
  A slime creature (D)
  Sigmund (D)
  A yak (D)
  4 floating eyes (D)
  An ogre (D)
  A jelly (D)
  Ijyb (D)
20 creatures vanquished.

Notes
Turn   | Place    | Note
-------+----------+-------------------------------------------
     0 | D        | Azzok the Spriggan Enchanter began the quest for the Orb.
     0 | D        | Reached XP level 1. HP: 9/9 MP: 5/5
     2 | D        | Noticed Ijyb
    28 | D        | Killed Ijyb
    28 | D        | Reached skill level 6 in Stealth
    28 | D        | Reached skill level 5 in Hexes
    28 | D        | Reached XP level 2. HP: 9/13 MP: 6/8
   271 | D        | Learned a level 2 spell: Ensorcelled Hibernation
   272 | D        | Noticed an ogre
   275 | D        | Killed an ogre
   275 | D        | Reached skill level 8 in Stealth
   275 | D        | Reached XP level 3. HP: 16/16 MP: 8/11
   275 | D        | Reached XP level 4. HP: 21/21 MP: 9/13
   281 | D        | Learned a level 3 spell: Confuse
   289 | D        | Noticed Sigmund
   292 | D        | Killed Sigmund
   292 | D        | Reached skill level 10 in Stealth
   292 | D        | Reached XP level 5. HP: 24/24 MP: 9/16
   292 | D        | Reached XP level 6. HP: 28/28 MP: 9/17
   306 | D        | Found a deep blue altar of Sif Muna.
   308 | D        | Found a radiant altar of Vehumet.
   315 | D        | Found Conin's Jewellery Emporium.
   315 | D        | Found an ancient bone altar of Kikubaaqudgha.
   315 | D        | Found a hazy altar of Hepliaklqana.
   315 | D        | Found a stormy altar of Qazlal.
   315 | D        | Found a hide-covered altar of Uskayaw.
   315 | D        | Found a blossoming altar of Fedhas.
   315 | D        | Found a bloodstained altar of Trog.
   315 | D        | Found an iron altar of Okawaru.
   315 | D        | Found a basalt altar of Yredelemnul.
   315 | D        | Found a glowing golden altar of the Shining One.
   315 | D        | Found a snail-covered altar of Cheibriados.
   315 | D        | Found a sacrificial altar of Ru.
   315 | D        | Found a glowing silver altar of Zin.
   315 | D        | Found a shadowy altar of Dithmenos.
   315 | D        | Found a white marble altar of Elyvilon.
   315 | D        | Noticed a yak
   317 | D        | Found an opulent altar of Gozag.
   319 | D        | Killed a yak
   319 | D        | Reached skill level 11 in Stealth
   335 | D        | Found a sparkling altar of Nemelex Xobeh.
   339 | D        | Bought an uncursed ring of stealth for 175 gold pieces
   342 | D        | Became a worshipper of Dithmenos the Shadowed
   351 | D        | Noticed Sonja
   355 | D        | Killed Sonja
   355 | D        | Reached skill level 13 in Stealth
   355 | D        | Reached skill level 10 in Spellcasting
   355 | D        | Reached XP level 7. HP: 32/32 MP: 15/22
   355 | D        | Reached XP level 8. HP: 36/36 MP: 15/23
   408 | D        | Bought an uncursed ring of stealth for 175 gold pieces
   421 | D        | Found Pyczima's Antique Armour Boutique.
   430 | D        | Noticed a shining eye
   430 | D        | Noticed a shining eye
   430 | D        | Noticed a shining eye
   431 | D        | Noticed a shining eye
   431 | D        | Noticed a shining eye
   431 | D        | Noticed a shining eye
   432 | D        | Reached skill level 1 in Fighting
   433 | D        | Noticed a shining eye
   433 | D        | Noticed a shining eye
   434 | D        | Killed a shining eye
   434 | D        | Reached * piety under Dithmenos
   434 | D        | Reached skill level 10 in Short Blades
   434 | D        | Reached skill level 14 in Stealth
   437 | D        | Killed a shining eye
   437 | D        | Reached skill level 15 in Stealth
   437 | D        | Gained mutation: Your body sometimes deteriorates upon taking damage. [a shining eye]
   440 | D        | Killed a shining eye
   440 | D        | Reached XP level 9. HP: 46/46 MP: 24/24
   442 | D        | Gained mutation: Your system is resistant to poisons. (rPois) [a shining eye]
   445 | D        | Paralysed by a floating eye for 4 turns
   449 | D        | Gained mutation: You are frail. (-10% HP) [a shining eye]
   451 | D        | Gained mutation: Your spells are a little easier to cast, but a little less powerful. [a shining eye]
   452 | D        | Paralysed by a floating eye for 3 turns
   458 | D        | Gained mutation: You tend to lose your temper in combat. [a shining eye]
   459 | D        | Gained mutation: You are weak. (Str -2) [a shining eye]
   461 | D        | Paralysed by a floating eye for 2 turns
   465 | D        | Gained mutation: You are very weak. (Str -4) [a shining eye]
   473 | D        | Paralysed by a floating eye for 4 turns
   474 | D        | Gained mutation: Your body often deteriorates upon taking damage. [a shining eye]
   475 | D        | Gained mutation: You are very frail. (-20% HP) [a shining eye]
   485 | D        | Paralysed by a floating eye for 4 turns
   491 | D        | Gained mutation: You expend magic power (3 MP) to strengthen your wands. [a shining eye]
   494 | D        | Gained mutation: You occasionally shout uncontrollably at your foes. [a shining eye]
   503 | D        | Paralysed by a floating eye for 3 turns
   504 | D        | Gained mutation: You are extremely frail. (-30% HP) [a shining eye]
   506 | D        | Gained mutation: Armour fits poorly on your strangely shaped body. [a shining eye]
   510 | D        | Paralysed by a floating eye for 2 turns
   518 | D        | Paralysed by a floating eye for 3 turns
   535 | D        | Paralysed by a floating eye for 2 turns
   536 | D        | Gained mutation: Your magical capacity is low. (-10% MP) [a shining eye]
   543 | D        | Gained mutation: You are clumsy. (Dex -2) [a shining eye]
   550 | D        | Paralysed by a floating eye for 2 turns
   551 | D        | Gained mutation: Potions are less effective at restoring your health. [a shining eye]
   552 | D        | Lost mutation: You are very weak. (Str -4) [a shining eye]
   561 | D        | Gained mutation: You sometimes yell uncontrollably at your foes. [a shining eye]
   567 | D        | Paralysed by a floating eye for 3 turns
   577 | D        | Killed a shining eye
   577 | D        | Reached ** piety under Dithmenos
   577 | D        | Reached skill level 5 in Fighting
   577 | D        | Reached skill level 16 in Stealth
   585 | D        | Reached skill level 10 in Dodging
   586 | D        | Paralysed by a floating eye for 4 turns
   597 | D        | Paralysed by a floating eye for 4 turns
   598 | D        | Gained mutation: You are very weak. (Str -4) [a shining eye]
   615 | D        | Paralysed by a floating eye for 4 turns
   618 | D        | Gained mutation: Potions are poor at restoring your health. [a shining eye]
   619 | D        | Gained mutation: You frequently scream uncontrollably at your foes. [a shining eye]
   631 | D        | Paralysed by a floating eye for 2 turns
   642 | D        | Killed a shining eye
   642 | D        | Paralysed by a floating eye for 3 turns
   654 | D        | Killed a shining eye
   654 | D        | Reached skill level 17 in Stealth
   657 | D        | Reached *** piety under Dithmenos
   665 | D        | Paralysed by a floating eye for 2 turns
   676 | D        | Paralysed by a floating eye for 4 turns
   693 | D        | Gained mutation: You are very clumsy. (Dex -4) [a shining eye]
   702 | D        | Gained mutation: Your magical capacity is very low. (-20% MP) [a shining eye]
   725 | D        | Gained mutation: Your spells are easier to cast, but less powerful. [a shining eye]
   727 | D        | Gained mutation: You are dopey. (Int -2) [a shining eye]
   730 | D        | Gained mutation: You are very dopey. (Int -4) [a shining eye]
   742 | D        | Gained mutation: Your magical capacity is extremely low. (-30% MP) [a shining eye]
   748 | D        | Killed a shining eye
   748 | D        | Reached XP level 10. HP: 37/37 MP: 18/18
   761 | D        | Killed a shining eye
   784 | D        | Found a viscous altar of Jiyva.
   784 | D        | Found a corrupted altar of Lugonu.
   785 | D        | Found a burning altar of Makhleb.
   785 | D        | Found a shimmering altar of Xom.
   787 | D        | Reached **** piety under Dithmenos
   802 | D        | Noticed a rust devil
   803 | D        | Paralysed by a floating eye for 4 turns
   811 | D        | Paralysed by a floating eye for 3 turns
   826 | D        | Paralysed by a floating eye for 2 turns
   836 | D        | Paralysed by a floating eye for 4 turns
   838 | D        | Slain by an ufetubus

Skill      XL: |  1  2  3  4  5  6  7  8  9 10 |
---------------+-------------------------------+-----
Short Blades   | 3 4 6 9 11 12 13 | 13.1
Stealth        | 6 8 10 13 15 17 | 17.9
Spellcasting   | 4 6 7 10 | 10.8
Hexes          | 5 6 8 11 | 11.1
Fighting       | 4 6 7 |  7.4
Dodging        | 8 11 12 | 12.4

Action                   |  1- 3 |  4- 6 |  7- 9 | 10-12 || total
-------------------------+-------+-------+-------+-------++-------
Melee: Dagger            |    25 |     4 |   220 |     8 ||   257
 Cast: Corona            |     1 |       |       |       ||     1
       Ensorcelled Hiber |       |     2 |     2 |     4 ||     8
       Confuse           |       |       |    11 |     2 ||    13
  Use: Potion            |     1 |       |     1 |       ||     2
 Stab: Sleeping          |     1 |     4 |     4 |     2 ||    11
       Confused          |       |       |       |     1 ||     1
Armor: Robe              |     1 |       |       |     1 ||     2
Dodge: Dodged            |    15 |     1 |       |    21 ||    37
